[Event "34th MPL National U14-ch 2022"]
[Site "Ahmedabad"]
[Date "2022.05.13"]
[Round "10.4"]
[White "Aswath S"]
[Black "Bharadia Yash"]
[Result "1/2-1/2"]
[ECO "E16"]
[WhiteElo "1694"]
[BlackElo "1924"]
[Annotator "TA"]
[PlyCount "69"]
[EventDate "2022.05.09"]
[EventType "swiss"]
[EventCountry "IND"]
[SourceTitle "playchess.com"]
[Source "ChessBase"]
[SourceQuality "1"]
[TimeControl "5400+30"]

1. d4 Nf6 2. c4 e6 3. Nf3 b6 4. g3 Bb7 5. Bg2 d6 6. O-O Nbd7 {[%emt 0:00:07] 6...Nbd7 is better than 6...Be7. E16: Queen's Indian: 4 g3 Bb7 5 Bg2 Bb4+.} (6... Be7 $11) 7. Nc3 $14 g6 8. Qc2 Bg7 {[%emt 0:00:16] White is slightly better.} 9. Rd1 {[%emt 0:01:00] [#]} Qe7 $146 (9... O-O 10. b3 Qe7 11. Bb2 a6 12. Rd2 Rad8 13. Rad1 Bh6 14. e3 Ne8 15. Re2 f5 16. Bc1 Ndf6 17. Ree1 g5 18. d5 e5 19. Qxf5 Nxd5 20. Nxd5) ({Predecessor:} 9... O-O 10. b3 Qe7 11. Bb2 a6 12. Rd2 Rad8 13. Rad1 Bh6 14. e3 Ne8 15. Re2 f5 16. Bc1 Ndf6 17. Ree1 g5 18. d5 e5 19. Qxf5 Nxd5 20. Nxd5 {0-1 (20) Molina,J (2144)-Gemy Vargas,J (2320) Cochabamba 2013}) 10. b4 O-O 11. Rb1 c6 12. e4 e5 $1 13. Ba3 b5 (13... Rfe8) 14. dxe5 (14. c5) 14... dxe5 15. Qe2 (15. c5 $14) 15... a6 16. Bc1 Nb6 17. Nd2 ({Much weaker is} 17. cxb5 axb5 18. Be3 Nfd7 $11) 17... Rfd8 18. c5 Nbd7 {[%emt 0:00:29] [#]} 19. Nb3 $1 Nf8 20. Be3 {[%emt 0:00:43] White is more active.} Ne6 21. Bf3 (21. Na5) 21... Ne8 {[%emt 0:01:35] aiming for ...Nd4.} 22. Qc2 Bf6 23. h4 N8g7 24. Kg2 h5 25. Rxd8+ Rxd8 26. Rd1 Nd4 ({Black should play} 26... Bc8 $14) 27. Bxd4 $16 exd4 28. Ne2 Ne6 29. Na5 Be5 30. Nc1 Ba8 31. Nd3 Bc7 {[%emt 0:00:04] [#]} 32. Nb3 $1 {[%emt 0:00:21] Pair of Knights!} Bb7 33. Ra1 (33. e5 $16) 33... Ra8 34. a4 Qd8 (34... bxa4 $14 35. Rxa4 g5) 35. Qc1 {[%emt 0:02:15] Weighted Error Value: White=0.12 (very precise) /Black=0.24 (precise)} ({Better is} 35. a5 $16) 1/2-1/2

[Event "34th MPL National U14-ch 2022"]
[Site "Ahmedabad"]
[Date "2022.05.13"]
[Round "10.5"]
[White "Abhash Roimya Saikia"]
[Black "Mrithyunjay Mahadevan"]
[Result "1-0"]
[ECO "B26"]
[WhiteElo "1794"]
[BlackElo "1661"]
[Annotator "NA RC COMBH"]
[PlyCount "107"]
[EventDate "2022.05.09"]
[EventType "swiss"]
[EventCountry "IND"]
[SourceTitle "playchess.com"]
[Source "ChessBase"]
[SourceQuality "1"]
[TimeControl "5400+30"]

1. e4 c5 2. Nc3 d6 3. g3 Nc6 4. Bg2 g6 5. d3 Bg7 6. Be3 e6 7. Qd2 Rb8 8. Nge2 Qb6 9. O-O Nd4 10. Nd1 Ne7 11. c3 Nxe2+ 12. Qxe2 O-O 13. Qd2 d5 14. Bh6 Qd6 15. Bxg7 Kxg7 16. Qc1 b6 17. Ne3 Ba6 18. c4 d4 19. Ng4 Ng8 20. f4 h5 21. Nf2 f5 22. Re1 Rfe8 23. Qd2 Ne7 24. Re2 b5 25. b3 bxc4 26. bxc4 Qb6 27. Rae1 fxe4 28. Nxe4 Nf5 29. Ng5 Ne3 30. Rxe3 dxe3 31. Qxe3 Qd6 32. Nxe6+ Kf6 33. f5 Qd4 34. Nxd4 Rxe3 35. Rxe3 Rb1+ 36. Bf1 cxd4 37. Re6+ Kxf5 38. Rxa6 g5 39. Rxa7 h4 40. gxh4 gxh4 41. a4 Kf4 42. a5 Ke3 43. a6 Kd2 44. Rb7 Ra1 45. a7 Ke3 46. c5 Ra6 47. c6 h3 48. Bxh3 Kxd3 49. Bf1+ Kc2 50. Bxa6 d3 51. Bxd3+ Kd2 52. a8=Q Ke3 53. Qa7+ Kxd3 54. Rb4 1-0

[Event "34th MPL National U14-ch 2022"]
[Site "Ahmedabad"]
[Date "2022.05.13"]
[Round "10.6"]
[White "Ilamparthi A R"]
[Black "Dhruva Thota"]
[Result "1-0"]
[ECO "D75"]
[WhiteElo "2121"]
[BlackElo "1743"]
[Annotator "TA"]
[PlyCount "63"]
[EventDate "2022.05.09"]
[EventType "swiss"]
[EventCountry "IND"]
[SourceTitle "playchess.com"]
[Source "ChessBase"]
[SourceQuality "1"]
[TimeControl "5400+30"]

1. Nf3 Nf6 2. g3 g6 3. c4 Bg7 4. Bg2 O-O 5. O-O c5 6. Nc3 d5 7. cxd5 Nxd5 8. d4 cxd4 9. Nxd4 Nb6 {[%emt 0:05:23] D75: Fianchetto Grünfeld: Main Line with 7...c5.} 10. Ndb5 {[%emt 0:02:20] [#] Hoping for Qxd8.} Nc6 11. Bf4 e5 (11... Bf5 $11 {was preferrable.}) 12. Be3 {[%emt 0:02:23] [#]} (12. Qxd8 $14 Rxd8 13. Bg5) 12... Nd4 $146 ({Predecessor:} 12... Nc4 13. Bc5 Re8 14. b3 a6 15. Qxd8 Nxd8 16. Nc7 Ne6 17. Nxe6 Bxe6 18. bxc4 Bxc4 {1-0 (24) Diaz Perez,M (2459)-Schut,H (2101) Chess.com INT 2020}) 13. Bxd4 exd4 14. Ne4 a6 15. Nbd6 Rb8 {[%emt 0:03:01] And now ...Be6 would win.} 16. Nxc8 Rxc8 17. Qb3 Qc7 {[%emt 0:03:54] Inhibits Rac1.} 18. Bh3 Rce8 (18... Nd7 $1 $11 {keeps the balance.}) 19. Rac1 $16 Qd8 20. Bg2 Nc8 21. Qxb7 Nd6 22. Nxd6 {[%emt 0:08:39] White is much more active.} Qxd6 23. Rc6 Qe5 24. Bf3 ({Don't take} 24. Qxa6 Qxe2 25. Rb1 Qxa6 26. Rxa6 d3) 24... Rb8 25. Qxa6 Rxb2 26. a4 Qf5 27. Rd6 Rfb8 28. Kg2 Qc2 (28... Be5 $142) 29. Qa7 $18 Rf8 30. a5 h5 31. h4 Qc4 32. a6 {[%emt 0:01:38] Weighted Error Value: White=0.10 (very precise) /Black=0.32} 1-0

[Event "34th MPL National U14-ch 2022"]
[Site "Ahmedabad"]
[Date "2022.05.13"]
[Round "10.7"]
[White "Sahib Singh"]
[Black "Jval Saurin Patel"]
[Result "0-1"]
[ECO "C03"]
[WhiteElo "1991"]
[BlackElo "1712"]
[Annotator "TA"]
[PlyCount "70"]
[EventDate "2022.05.09"]
[EventType "swiss"]
[EventCountry "IND"]
[SourceTitle "playchess.com"]
[Source "ChessBase"]
[SourceQuality "1"]
[TimeControl "5400+30"]

1. e4 e6 2. d4 d5 3. Nd2 Be7 4. Bd3 c5 5. dxc5 Bxc5 6. Ngf3 {[%emt 0:00:46] C03: French Tarrasch: Unusual Black 3rd moves.} Nf6 7. O-O {[%emt 0:00:37] was the old line (7.Qe2).} O-O 8. e5 {[%emt 0:05:01] White is slightly better.} Nfd7 9. Nb3 Be7 10. Re1 Nc6 11. c3 Re8 12. Nbd4 Nf8 13. Bf4 {[%emt 0:09:39] [#]} Nxd4 $146 ({Predecessor:} 13... f5 14. Rc1 g5 15. Bd2 Ng6 16. Qc2 Nxd4 17. Nxd4 Nf4 18. Bxf4 gxf4 {1-0 (38) Macovei,A (2352)-De Coninck,R (2137) Paleochora 2017}) 14. Nxd4 Ng6 {[%emt 0:03:27] [#]} 15. Bg3 (15. Qh5 $1 $16) 15... Bd7 $14 16. Qh5 Qb6 17. Re2 Bc5 $1 18. Nf3 {[%emt 0:00:21] Ng5 is the strong threat.} Bb5 19. Bxb5 Qxb5 20. Rae1 Rad8 21. Qg4 (21. a4 Qxa4 22. h3 Rc8 $17) 21... a5 22. h4 Ne7 23. Bf4 Qd3 24. Bg5 Kh8 (24... Rc8 $11 {remains equal.}) 25. h5 ({White should play} 25. Rd2 $16 Qb5 26. Qf4) 25... h6 $11 26. b4 (26. Rd2 $11 {keeps the balance.} Qa6 27. Be3) 26... axb4 $17 ({Don't take} 26... hxg5 27. bxc5 Nf5 28. Qxg5 $11 (28. Nxg5 Re7 $11)) (26... Qxc3 $2 27. Bd2 (27. bxc5 hxg5 28. Nxg5 Rf8 $14) 27... Qc4 28. Qxc4 Bxf2+ 29. Kxf2 $18) 27. cxb4 Bb6 ({Don't do} 27... hxg5 28. bxc5 Nf5 29. Nxg5 $16) 28. Bh4 {[%emt 0:07:49] This move loses the game for White.} ({White should try} 28. Rd2 $15 Qc3 29. Be3 Bxe3 30. Rxe3) 28... Rc8 $19 {[%emt 0:00:21] Hoping for ...Rc4.} 29. Bf6 $2 (29. Bxe7 {is tougher.} Rc4 30. Qh3 Rxe7 31. Nd2 Qxh3 32. gxh3) 29... Nf5 30. Rd2 Qc4 31. Qh3 gxf6 32. exf6 Bc7 33. Rde2 Rg8 34. Re5 Qg4 35. Qh1 Qxf3 {[%emt 0:00:15] Weighted Error Value: White=0.80/Black=0.35} 0-1

[Event "34th MPL National U14-ch 2022"]
[Site "Ahmedabad"]
[Date "2022.05.13"]
[Round "10.8"]
[White "Adireddy Arjun"]
[Black "Gandhi, Aakash"]
[Result "1-0"]
[ECO "C14"]
[WhiteElo "1898"]
[BlackElo "1698"]
[Annotator "NA RC COMBH"]
[PlyCount "105"]
[EventDate "2022.05.09"]
[EventType "swiss"]
[EventCountry "IND"]
[SourceTitle "playchess.com"]
[Source "ChessBase"]
[SourceQuality "1"]
[TimeControl "5400+30"]

1. e4 e6 2. d4 d5 3. Nc3 Nf6 4. Bg5 Be7 5. e5 Nfd7 6. Bxe7 Qxe7 7. f4 O-O 8. Nf3 c5 9. dxc5 Nc6 10. Bd3 f6 (10... h6 $11) 11. exf6 Qxf6 12. g3 Nxc5 13. O-O Bd7 14. Qd2 Be8 15. Rae1 Bh5 16. Ne5 Nxe5 17. Rxe5 ({Reject} 17. fxe5 Qe7 $11) 17... Bf7 18. b3 (18. Bf5 $5 ) 18... Rac8 $14 19. Nb5 Bg6 (19... a6 $11 {keeps the balance.} 20. Nd6 Rc6 21. Nxf7 Qxf7) 20. Bxg6 hxg6 21. Qe3 b6 22. Nd4 Rce8 23. Re1 Ne4 24. c4 ({Better is} 24. Qd3) 24... g5 25. cxd5 exd5 26. Rxe8 ({Much worse is} 26. Rxd5 $6 gxf4 27. Qxf4 Qxf4 28. gxf4 Rxf4 $11) 26... Rxe8 27. fxg5 Qg6 {[%emt 0:00:07] [#]} 28. Nf3 ({Better is} 28. h4 $1 $16) 28... Rf8 29. Kg2 Rc8 30. Rc1 Rc5 31. b4 Rxc1 32. Qxc1 Qf5 33. Qf4 Qc8 34. g6 Nf6 35. Nd4 Qe8 36. Qf5 Qa4 37. Qc8+ Qe8 38. Qxe8+ Nxe8 39. Ne6 Nf6 40. Kf3 Ne4 41. h4 Nc3 42. a3 b5 43. Ke3 Nb1 44. Kd4 Nxa3 45. Kxd5 Nb1 46. Kc5 Nc3 47. g4 Kh8 48. h5 Kg8 49. g5 Kh8 50. h6 gxh6 51. gxh6 Kg8 52. h7+ Kh8 53. Ng5 1-0

[Event "34th MPL National U14-ch 2022"]
[Site "Ahmedabad"]
[Date "2022.05.13"]
[Round "10.9"]
[White "Md Imran"]
[Black "Raihaan Zahid"]
[Result "1-0"]
[ECO "D02"]
[WhiteElo "2122"]
[BlackElo "1457"]
[Annotator "TA"]
[PlyCount "95"]
[EventDate "2022.05.09"]
[EventType "swiss"]
[EventCountry "IND"]
[SourceTitle "playchess.com"]
[Source "ChessBase"]
[SourceQuality "1"]
[TimeControl "5400+30"]

1. d4 Nf6 2. Nf3 e6 3. Bf4 d5 4. e3 c5 5. Nbd2 Nc6 6. c3 Bd6 {[%emt 0:00:00] 6...cxd4 injects fresh life into this line.} 7. Bg3 b6 {[%emt 0:00:00] D02: 1 d4 d5 2 Nf3 sidelines, including 2...Nf6 3 g3 and 2...Nf6 3 Bf4.} 8. Ne5 Bxe5 (8... Bb7 {keeps more tension.} 9. Bb5 Rc8 10. Bh4 O-O) 9. dxe5 {[%emt 0:00:05] [#]} ({But not} 9. Bxe5 Nxe5 10. dxe5 Nd7 $11) 9... Nd7 $146 {[%emt 0:00:00] White is slightly better.} (9... Ne4 10. Nxe4 dxe4 11. Qa4 Qc7 12. Qxe4 Bb7 13. O-O-O Rd8 14. Rxd8+ Qxd8 15. Qg4 O-O) ({Predecessor:} 9... Ne4 10. Nxe4 dxe4 11. Qa4 Qc7 12. Qxe4 Bb7 13. O-O-O Rd8 14. Rxd8+ Qxd8 15. Qg4 O-O {0-1 (30) Csukerda,A (2006)-Bukta,T (1978) Hungary 2012}) 10. f4 Bb7 11. e4 Qc7 (11... Ne7) (11... O-O $14) 12. exd5 $16 exd5 13. Bd3 O-O-O 14. O-O Rde8 (14... c4 $16 {might work better.}) 15. Nf3 $18 f6 (15... h5 $16 16. Qe1 Nf6) 16. Bf5 (16. Bc2) 16... g6 {[%emt 0:00:00] [#]} 17. Bh3 (17. Bxd7+ Qxd7 18. exf6) (17. Bc2 $142 $1) 17... f5 $16 18. Ng5 (18. Qd2) (18. Qd2 $16) 18... Nd8 (18... Nf8) (18... Nf8 $1 $11) 19. Bf2 (19. a4 {feels hotter.} c4 20. a5 bxa5 21. Qa4) 19... Qc6 20. b4 h6 21. Nf3 Ne6 22. Be3 Kb8 23. a4 a5 (23... d4 24. cxd4 cxb4) 24. b5 (24. bxa5 bxa5 25. g3) (24. bxc5 $16 {Strongly threatening Nd4.} bxc5 25. g3) 24... Qc8 25. g3 Ndf8 26. Ra2 h5 (26... Rg8) (26... Rd8 $14) 27. Rd2 Rd8 28. Qe2 Rh7 29. Rfd1 Rhd7 30. Bg2 Ka7 31. h3 Kb8 32. Qf2 Nc7 33. Ng5 (33. Qf1 $16) 33... Re7 (33... Nce6) (33... Nce6 $11) 34. Bxc5 bxc5 $14 35. Qxc5 Red7 {[%emt 0:01:30] [#]} (35... Rdd7 $11 {keeps the balance.}) 36. Qb6 {[%emt 0:01:36] 0x0.001df4b0015cdp-1022s more active pieces.} (36. b6 Na6 37. Qxa5) ({White should try} 36. b6 $1 $16 Na6 37. Qxa5) 36... Na8 $11 37. Qxa5 {[%emt 0:00:01] Hoping for b6.} Qc5+ 38. Kh2 {[%emt 0:00:18] Dancing on a razor blade.} Nb6 {[%emt 0:01:13] White must now prevent ...Nc4.} 39. Rd4 Ba8 ({Black should play} 39... Rc8 $11) 40. Qb4 $36 {[%emt 0:01:26][%mdl 2048] White is pushing.} (40. e6 $5 Re7 41. Rc4 Qxc4 42. Qxb6+ Kc8 43. Nf7 $14) 40... Qxb4 41. Rxb4 {[%emt 0:00:59] Threatens to win with a5.} ({Don't play} 41. cxb4 Nxa4 42. e6 Re7 43. Bxd5 Bxd5 44. Rxd5 Rde8 45. Rd8+ Kc7 46. Rxe8 Rxe8 $11) 41... Nc4 {[%emt 0:01:17] Black cannot hold the game after this.} (41... Rc8 $1 $14) 42. e6 $18 Re7 {[%emt 0:00:17] [#]} (42... Rc7 $142 43. e7 Rxe7) 43. Rxc4 $1 {[%emt 0:00:00][%mdl 576] Pin} Nxe6 44. Nxe6 Rxe6 45. Rcd4 Re2 46. R1d2 Rde8 47. Rxe2 Rxe2 48. c4 {[%emt 0:00:00] Weighted Error Value: White=0.20 (precise) /Black=0.33} 1-0

[Event "34th MPL National U14-ch 2022"]
[Site "Ahmedabad"]
[Date "2022.05.13"]
[Round "10.10"]
[White "Daakshin Arun"]
[Black "Ajay Santhosh Parvathareddy"]
[Result "1/2-1/2"]
[ECO "D94"]
[WhiteElo "2016"]
[BlackElo "1563"]
[Annotator "TA"]
[PlyCount "106"]
[EventDate "2022.05.09"]
[EventType "swiss"]
[EventCountry "IND"]
[SourceTitle "playchess.com"]
[Source "ChessBase"]
[SourceQuality "1"]
[TimeControl "5400+30"]

1. d4 d5 2. c4 c6 3. Nf3 Nf6 4. e3 g6 5. Nc3 Bg7 6. Be2 O-O 7. O-O e6 8. Qc2 {[%emt 0:01:49] 8.b4 is setting a new trend.} Nbd7 9. Rd1 {[%emt 0:03:11] D94: Grünfeld: 4 Nf3 Bg7 5 e3.} Qc7 10. b3 a6 11. Bb2 {[%emt 0:01:25] White is slightly better.} b5 {[%emt 0:07:37] [#]} 12. Rac1 $146 ({Predecessor:} 12. cxd5 cxd5 13. Rac1 Qd6 14. Nb1 Bb7 15. Qc7 Qb6 16. Ne5 Rfd8 17. Qxb6 Nxb6 18. Rc7 {1-0 (42) Head,L (1855)-Crouch,T (1641) Gatwick 2011}) 12... Qb8 13. a3 dxc4 14. bxc4 bxc4 15. Bxc4 Bb7 16. Na4 {[%emt 0:07:36] Prevents c5. White is more active.} c5 17. Nxc5 Nxc5 (17... Bxf3 $16 18. gxf3 Rc8) 18. dxc5 $18 Bxf3 19. gxf3 Qc7 20. Be2 {[%emt 0:03:56] A strong pair of Bishops.} Rfc8 21. Bxf6 Bxf6 22. Qa4 ({White should try} 22. c6 $16) 22... Qc6 $1 $14 23. Qa5 Bd8 24. Qb4 Be7 {[%emt 0:02:14] Against Rd6} 25. Qa5 Bxc5 $2 {[%emt 0:02:02][%mdl 8192] [#]} (25... Bd8 $11 26. Qe1 Be7) 26. Rxc5 $1 $18 Qxc5 {[%emt 0:00:16] [#]} 27. Rd8+ $3 {[%emt 0:00:04][%mdl 576] Deflection} Rxd8 28. Qxc5 Rd2 {[%emt 0:00:05] [#]} 29. Bxa6 Rb8 (29... Rdd8 30. Qc6) 30. Bc4 {[%emt 0:00:09] Against Rd5} Rbb2 31. e4 Rbc2 32. Qb5 $2 (32. Kg2 $18 {and the rest is easy.}) 32... Rxf2 $16 33. Bf1 {[%emt 0:00:27] Inhibits Rg2+.} (33. Qb8+ $18 Kg7 34. Qe5+ Kg8 35. Qb8+ Kg7 36. Qe5+ Kg8 37. Qb8+) 33... Rxf3 $14 34. a4 {[%emt 0:00:16][%cal Ba3a4,Ba4a5][%mdl 32] Strongly threatening a5.} Ra3 $1 35. a5 {[%emt 0:00:31] And now Qb8+ would win.} Rca2 36. a6 {[%emt 0:01:24] Threatens to win with Bc4.} Ra1 37. Kf2 ({Don't do} 37. Qb8+ Kg7 $16) 37... R1a2+ $1 38. Be2 Rxa6 39. Qxa6 Rxa6 40. Bxa6 $11 {[%emt 0:00:02][%mdl 4096] Endgame KB-KP} e5 41. Bd3 f5 $2 (41... Kf8 $11) 42. exf5 $18 gxf5 43. Bxf5 {[%emt 0:00:03] KB-KPP} e4 44. Ke3 h5 45. h4 $2 ({Better is} 45. h3 $18 h4 46. Kxe4) 45... Kh8 {[%emt 0:00:03] The position is equal.} 46. Be6 Kg7 47. Bc4 Kh8 48. Be2 Kg7 49. Kf4 e3 50. Kg5 Kh7 51. Kf6 Kg8 52. Kg6 Kh8 53. Kf7 Kh7 {[%emt 0:44:58] Weighted Error Value: White=0.39/Black=0.39} 1/2-1/2

[Event "34th MPL National U14-ch 2022"]
[Site "Ahmedabad"]
[Date "2022.05.14"]
[Round "11.1"]
[White "John Veny Akkarakaran"]
[Black "Abhash Roimya Saikia"]
[Result "1/2-1/2"]
[ECO "B11"]
[WhiteElo "1855"]
[BlackElo "1794"]
[Annotator "NA RC COMBH"]
[PlyCount "61"]
[EventDate "2022.05.09"]
[EventType "swiss"]
[EventCountry "IND"]
[SourceTitle "playchess.com"]
[Source "ChessBase"]
[SourceQuality "1"]
[TimeControl "5400+30"]

1. e4 c6 2. Nf3 d5 3. Nc3 Bg4 4. d4 Nf6 5. h3 Bxf3 6. Qxf3 dxe4 7. Qe3 e6 8. Nxe4 Nxe4 9. Qxe4 Qd5 10. Bd3 Qxe4+ 11. Bxe4 Nd7 12. Bf4 Nf6 13. Bf3 O-O-O 14. O-O-O Bd6 15. Be5 ({Better is} 15. Bg5 $14) 15... Ne8 16. Rhe1 Bc7 17. c3 Bd6 18. Kc2 Bc7 19. a4 Bxe5 20. dxe5 Rxd1 21. Rxd1 Nc7 22. c4 a5 23. Kc3 Na6 24. Be4 g6 25. Bc2 Rd8 26. Rxd8+ Kxd8 27. Kd4 Ke7 28. f4 h5 29. g4 hxg4 30. hxg4 Kd7 $11 31. Ke4 1/2-1/2

[Event "34th MPL National U14-ch 2022"]
[Site "Ahmedabad"]
[Date "2022.05.14"]
[Round "11.2"]
[White "Koustuv Dash"]
[Black "Bagwe Gaurang"]
[Result "0-1"]
[ECO "D11"]
[WhiteElo "1910"]
[BlackElo "1789"]
[Annotator "TA"]
[PlyCount "114"]
[EventDate "2022.05.09"]
[EventType "swiss"]
[EventCountry "IND"]
[SourceTitle "playchess.com"]
[Source "ChessBase"]
[SourceQuality "1"]
[TimeControl "5400+30"]

1. d4 d5 2. c4 c6 3. Nf3 Nf6 4. Qc2 g6 5. Bf4 Bf5 6. Qb3 Nbd7 7. e3 Qb6 8. Nc3 {[%emt 0:01:58] D11: Slav Defence: 3 Nf3 sidelines and 3...Nf6 4 e3 Bg4.} Bg7 9. h3 O-O 10. Be2 {[%emt 0:01:40][%cal Bf1e2,Be2c4,Bc4b3,Bb3c2,Bc2d3][%mdl 32] White has an edge.} Rfe8 11. O-O dxc4 12. Bxc4 {[%emt 0:00:23] [#]} ({Much worse is} 12. Qxc4 Qxb2 13. Rfc1 (13. Ng5 e6 $15) 13... Nb6 $15) 12... e6 $146 ({Predecessor:} 12... Qxb3 13. Bxb3 h6 14. g4 Be4 15. Nxe4 Nxe4 16. Rfd1 a5 17. Bc2 Nd6 18. Rac1 g5 {½-½ (43) Arkell,K (2457)-Sarakauskas,G (2416) Crawley 2016}) 13. Ne5 Nxe5 14. Bxe5 Ne4 15. Nxe4 (15. Bxg7 {is interesting.} Kxg7 16. Rfd1 Nd6 17. Rac1) 15... Bxe4 16. Bxg7 Qxb3 17. Bxb3 Kxg7 18. Rfd1 a5 19. f3 Bd5 20. Bc2 Bc4 21. Bd3 Ba6 22. Kf2 a4 23. Rac1 Red8 24. Ke2 Kf6 25. Bc4 h5 26. h4 Rd5 27. e4 Bxc4+ 28. Rxc4 $11 {[%emt 0:00:02][%mdl 4096] Endgame KRR-KRR} Rb5 29. Rd2 g5 30. g3 gxh4 31. gxh4 a3 32. b3 Rxb3 33. axb3 ({But not} 33. e5+ Kf5 34. axb3 a2 35. Rxa2 Rxa2+ 36. Ke3 Rb2 $17) 33... a2 34. Rd1 ({Much weaker is} 34. e5+ Kf5 35. Rd1 a1=Q 36. Rxa1 Rxa1 $17) 34... a1=Q {[%emt 0:00:00] Against Ra4} 35. Rxa1 Rxa1 {[%emt 0:00:00] KR-KR} 36. Kf2 Rb1 37. Rc3 Rd1 38. Ke3 Rh1 39. Rc4 Rxh4 40. Rb4 $2 {[%emt 0:02:26][%mdl 8192] This costs White the game.} (40. b4 $1 $11 {and White has nothing to worry.}) 40... b5 $19 {[%emt 0:00:00] Threatens to win with ...Kg5.} 41. d5 $2 (41. f4 Rh3+ 42. Kd2) 41... exd5 42. Rd4 Ke5 43. Rd1 dxe4 {[%emt 0:00:00] [#] aiming for ...Rh3.} 44. Rd7 f5 {[%emt 0:00:00] Hoping for ...Rh3.} 45. Re7+ Kd6 46. Rf7 Rh3 47. Rf6+ Ke5 48. Rxc6 Rxf3+ 49. Ke2 Rxb3 50. Rh6 Rb2+ 51. Ke1 f4 52. Rxh5+ Kd4 53. Rh3 f3 54. Kd1 f2 {[%emt 0:00:00][%cal Rf2f1] [#]} 55. Kc1 f1=Q+ 56. Kxb2 Qxh3 57. Ka1 Qg2 {[%emt 0:00:00] Weighted Error Value: White=0.77/Black=0.03 (flawless)} 0-1

[Event "34th MPL National U14-ch 2022"]
[Site "Ahmedabad"]
[Date "2022.05.14"]
[Round "11.3"]
[White "Kadam Om Manish"]
[Black "Ilamparthi A R"]
[Result "0-1"]
[ECO "B01"]
[WhiteElo "2144"]
[BlackElo "2121"]
[Annotator "TA"]
[PlyCount "66"]
[EventDate "2022.05.09"]
[EventType "swiss"]
[EventCountry "IND"]
[SourceTitle "playchess.com"]
[Source "ChessBase"]
[SourceQuality "1"]
[TimeControl "5400+30"]

1. e4 Nc6 2. Nf3 d5 3. exd5 Qxd5 4. d4 Bg4 5. Be2 O-O-O 6. c4 Qf5 {[%emt 0:00:30] B01: Scandinavian Defence.} 7. Be3 {[%emt 0:00:48] Black must now prevent 0-0.} Bxf3 8. Bxf3 {[%emt 0:00:44] And now Bg4 would win.} Nxd4 $1 {[%emt 0:01:56] The position is equal.} 9. Bg4 {[%emt 0:05:00] [#] A strong pair of Bishops.} (9. Bxd4 $5 Qe6+ 10. Be2 $11) 9... Nc2+ 10. Qxc2 $1 Qxg4 11. O-O Nf6 {[%emt 0:15:53] [#]} 12. Qa4 $146 ({Predecessor:} 12. Bxa7 e6 13. Be3 Bd6 14. h3 Qe4 15. Qa4 Qe5 16. g3 Qf5 17. Nc3 Qxh3 18. Rfd1 {1-0 (54) Kevlishvili,R (2491)-Shimanov,A (2581) Chess.com INT 2022}) 12... a6 13. Nc3 ({Better is} 13. h3 $15 Qf5 14. b4) 13... e6 $17 14. h3 Qh4 (14... Qf5 $142 15. Rad1 Bc5 16. Bxc5 Qxc5) 15. Rac1 Bd6 16. f4 c6 17. Rf3 e5 18. b4 {[%emt 0:04:24] [#]} (18. c5 $15 Bc7 19. fxe5 Qxa4 20. Nxa4 Bxe5 21. Nb6+ Kb8 22. Nc4) 18... e4 $1 $19 (18... exf4 19. Bf2 Qg5 20. b5 $16) 19. Rff1 {[%emt 0:11:21] Strongly threatening b5.} Qg3 20. Rce1 g5 21. Qa5 {[%emt 0:05:23] [#]} c5 ({Inferior is} 21... gxf4 22. Qf5+ Rd7 23. Bxf4 (23. Qxf6 $2 Rg8 $19) 23... Qxc3 24. Bxd6 Qd4+ 25. Kh1 Qxd6 26. Qxf6 Qxf6 27. Rxf6 $17) ({And not} 21... Bxf4 22. Bxf4 gxf4 23. Qf5+ (23. Nxe4 Nxe4 24. Rxe4 Rd2 $11) 23... Rd7 24. Nxe4 Nxe4 25. Rxe4 $14 (25. Qxe4 Rg8 $17)) (21... Rhg8 $1 $19 {[%cal Rg5f4] has better winning chances.} 22. Qf5+ Rd7) 22. bxc5 (22. Nb5 $17 {was necessary.} axb5 23. bxc5 Bxf4 24. Qa8+ Bb8 25. c6 Qh2+ 26. Kf2) 22... Bc7 $40 {[%emt 0:00:00][%mdl 128] Black wants a kill.} 23. Qa3 (23. Qb4 $17 {nothing else works.} Rd3 24. c6 bxc6 25. Qe7 Rxe3 26. Ne2 Rxe2 27. Rxe2) 23... gxf4 24. Ne2 Qxe3+ 25. Qxe3 fxe3 26. Rxf6 Ba5 27. Rb1 Rd2 $1 28. Kf1 Rhd8 {[%emt 0:00:00] ( -> ...Rd1+)} 29. Rd6 R8xd6 {[%emt 0:00:00] Black is clearly winning.} 30. cxd6 Rxd6 {[%emt 0:00:00] ...Rf6+ is the strong threat.} 31. Ng3 Rd2 32. a3 f5 33. Ne2 f4 {[%emt 0:00:00] Weighted Error Value: White=0.77/Black=0.10 (very precise)} 0-1